AoeStats
← Ratchet08

Lombardia

509764769Analyzed
4v4 RM · 6d ago on Sep 27, 2026· 38m 15s· 8 players
Game mode
Random Map
Map size
Large (8 player)
Population
200
Speed
Normal
Resources
Standard
Victory
Conquest
Starting age
Dark Age
Ending age
Imperial Age
RankedLock teamsTeams togetherTeam positionsShared explorationLock speedFull tech treeHidden civsTurbo modeCheats
Victory
Defeat
🇫🇷 Khitans · France
1009
+12
🇺🇸 Franks · United States
991
+12
🇩🇪 Magyars · Germany
990
+12
858
+18
🇺🇸 Saracens · United States
938
-15
🇨🇦 Huns · Canada
919
-14
🇬🇧 Spanish · United Kingdom
896
-13
🇲🇽 Franks · Mexico
867
-12
Ratchet08
10:52 Feudal Age
16:26 Castle Age
14:43 Double-Bit Axe
17:38 Bow Saw
22:36 Crossbowman
23:53 Loom
24:44 Wheelbarrow
23:58 Horse Collar
24:14 Fletching
24:25 Padded Archer Armor
25:09 Bodkin Arrow
25:53 Town Watch
27:30 Leather Archer Armor
28:22 Thumb Ring
30:17 Heavy Plow
AB14
11:19 Feudal Age
12:42 Horse Collar
13:25 Double-Bit Axe
20:45 Castle Age
19:22 Stone Mining
20:15 Gold Mining
22:41 Bow Saw
24:38 Bow Saw
24:31 Heavy Plow
27:18 Fletching
27:28 Padded Archer Armor
27:44 Bloodlines
27:36 Husbandry
27:45 Thumb Ring
27:02 Elite Skirmisher
29:05 Bodkin Arrow
29:25 Leather Archer Armor
30:29 Gold Shaft Mining
31:12 Ballistics
32:02 Pikeman
32:43 Squires
32:28 Arson
Oscar robles176
10:57 Feudal Age
11:40 Loom
18:15 Double-Bit Axe
25:48 Castle Age
27:51 Husbandry
30:03 Wheelbarrow
30:37 Bow Saw
30:35 Fletching
BetrayedSnail57
9:36 Loom
11:22 Feudal Age
13:34 Wheelbarrow
12:47 Double-Bit Axe
16:25 Castle Age
15:17 Stone Mining
15:33 Gold Mining
17:34 Bow Saw
28:16 Bloodlines
27:58 Fletching
28:09 Padded Archer Armor
28:08 Horse Collar
30:24 Bodkin Arrow
30:45 Leather Archer Armor
30:36 Scale Barding Armor
30:34 Husbandry
33:58 Chain Barding Armor
38:33 Imperial Age
Valkyrie
12:18 Feudal Age
16:48 Castle Age
14:53 Loom
16:01 Double-Bit Axe
25:29 Husbandry
25:46 Stone Mining
25:50 Gold Mining
29:34 Wheelbarrow
29:14 Scale Barding Armor
29:19 Forging
30:39 Hand Cart
31:55 Gold Shaft Mining
31:15 Stone Mining
31:39 Bow Saw
35:07 Imperial Age
33:39 Chain Barding Armor
33:54 Iron Casting
35:08 Cavalier
36:29 Plate Barding Armor
36:54 Blast Furnace
35:57 Chivalry
36:17 Conscription
35:56 Town Watch
36:36 Paladin
38:07 Hoardings
PezMaza
1:43 Loom
11:45 Feudal Age
13:23 Town Watch
17:11 Wheelbarrow
19:38 Castle Age
17:45 Double-Bit Axe
21:23 Fletching
23:08 Bodkin Arrow
24:27 Gold Mining
26:31 Ballistics
27:22 Thumb Ring
27:50 Bloodlines
28:10 Husbandry
32:06 Scale Barding Armor
33:27 Chain Barding Armor
35:29 Hand Cart
37:24 Town Patrol
37:20 Stone Mining
37:31 Horse Collar
Panchito(Dictador)
0:34 Loom
13:00 Double-Bit Axe
18:03 Feudal Age
16:22 Horse Collar
16:37 Gold Mining
16:41 Stone Mining
19:20 Wheelbarrow
19:50 Bow Saw
19:42 Heavy Plow
20:23 Gold Shaft Mining
20:25 Stone Shaft Mining
22:11 Hand Cart
24:59 Castle Age
23:10 Fletching
25:00 Padded Archer Armor
25:00 Arson
25:27 Caravan
26:00 Forging
26:01 Scale Barding Armor
27:29 Crop Rotation
28:01 Two-Man Saw
27:54 Husbandry
28:35 Burgundian Vineyards
29:06 Ballistics
30:08 Treadmill Crane
33:21 Imperial Age
32:03 Iron Casting
30:57 Cavalier
33:37 Two-Man Saw
34:02 Fortified Wall
34:03 Paladin
36:23 Conscription
38:48 Chain Barding Armor
39:31 Chemistry
ravi0licru
6:39 Loom
9:06 Feudal Age
9:46 Double-Bit Axe
13:08 Forging
16:27 Domestication
21:58 Castle Age
20:05 Gold Mining
21:06 Scale Barding Armor
20:51 Town Watch
21:10 Stone Mining
23:02 Wheelbarrow
23:59 Iron Casting
23:46 Chain Barding Armor
23:44 Pastoralism
25:20 Husbandry
28:30 Bow Saw
30:18 Hand Cart
30:29 Fletching
39:24 Imperial Age
Connection lost

Rejoining the realm…

Still unreachable

The connection could not be restored.

Session expired

The server has moved on; the page needs a fresh start.